 Dungeon Crawl Stone Soup version 0.29.1-13-g9f3cf754e1 (webtiles) character file.

Game seed: 18362378369143057835

65 sweetbreads the Digger (level 4, 0/24 HPs)
             Began as a Gargoyle Earth Elementalist on Jan 23, 2023.
             Slain by an ice beast (6 damage)
             ... on level 3 of the Dungeon.
             The game lasted 00:06:20 (1632 turns).

sweetbreads the Digger (GrEE)                       Turns: 1632, Time: 00:06:20

Health: 0/24       AC:  6    Str: 12    XL:     4   Next: 13%
Magic:  16/16      EV: 12    Int: 17    God:
Gold:   91         SH:  0    Dex: 10    Spells: 3/7 levels left

rFire   . . .      SeeInvis .   f - +0 club
rCold   . . .      Faith    .   (no shield)
rNeg    + . .      Spirit   .   a - +0 robe
rPois   ∞          Reflect  .   (no helmet)
rElec   +          Harm     .   (no cloak)
rCorr   .          Rampage  .   (no gloves)
Will    .....                   h - +0 pair of boots
Stlth   +.........              (no amulet)
HPRegen 0.08/turn               e - ring of magical power
MPRegen 0.15/turn               (no ring)

@: silenced
A: sickness immunity, AC +3, negative energy resistance 1, electricity
resistance, torment resistance 1, petrification resistance
a: no special abilities


You were on level 3 of the Dungeon.
You visited 1 branch of the dungeon, and saw 3 of its levels.

You collected 91 gold pieces.

Inventory:

Hand Weapons
 f - a +0 club (weapon)
Missiles
 i - 6 poisoned darts
Armour
 a - a +0 robe (worn)
 h - a +0 pair of boots (worn)
Jewellery
 e - a ring of magical power (left hand)
Scrolls
 g - a scroll of identify {unknown}
 j - a scroll of summoning {unknown}
Potions
 b - a potion of magic
 d - a potion of brilliance {unknown}


   Skills:
 - Level 2.0 Dodging
 * Level 3.0 Stealth
 - Level 2.0 Spellcasting
 - Level 0.7 Transmutations
 + Level 5.2 Earth Magic


You had 3 spell levels left.
You knew the following spells:

 Your Spells              Type           Power      Damage    Failure   Level
a - Sandblast             Erth           38%        2d10      2%          1
b - Stone Arrow           Conj/Erth      20%        3d8       21%         3

Your spell library contained the following spells:

 Spells                   Type           Power      Damage    Failure   Level
 Passwall                 Tmut/Erth      9%         N/A       9%          2
 Petrify                  Tmut/Erth      11%        N/A       50%         4


Dungeon Overview and Level Annotations

Branches:
Dungeon (3/15)

Altars:

Shops:
D:1 (=*

Annotations:
D:3 3 runed translucent doors, RapScallion's ghost, amateur HOFi


Innate Abilities, Weirdness & Mutations

You are immune to sickness and miasma.
Your stone body is resilient. (AC +3)
You are immune to poison.
You resist negative energy. (rN+)
You are resistant to electric shocks. (rElec)
You are resistant to unholy torment.
You are immune to petrification.


Message History

Confirm with . or Enter, or press ? or * to list all spells.
Aiming: Sandblast (safe; 2% risk of failure)
Press: ? - help, Shift-Dir - straight line, f - goblin
Aim: a goblin, wielding a +0 dagger (77% to hit)
The blast of sand hits the goblin!
You kill the goblin!
Things that are here:
a +0 dagger; a goblin corpse
There is a stone staircase leading down here.
You climb downwards.
Level annotation: 3 runed translucent doors, RapScallion's ghost, amateur HOFi
There is a stone staircase leading up here.
Found a stone staircase leading down.
Found a dagger.
Found a mace.
Found a faded altar of an unknown god.
Press: ? - help, v - describe, . - travel, g - get item Item here: a mace.
A faded altar of an unknown god.
There is a faded altar of an unknown god here.
You see here a -2 mace.
You hit the ice beast.
The ice beast is lightly wounded.
The ice beast hits you. The ice beast freezes you!
Ouch! That really hurt!
* * * LOW HITPOINT WARNING * * *
The ice beast attacks as you move away! The ice beast barely misses you.
What are your orders? t - Shout!
Orders for allies: a - Attack new target. r - Retreat! s - Stop attacking. g - Guard the area. f - Follow me.
Anything else - Cancel.
Okay, then.
Unknown command.
As you read the scroll labelled BUCUIVOTTA, it crumbles to dust.
A profound silence engulfs you.
It was a scroll of silence.
The ice beast hits you.
* * * LOW HITPOINT WARNING * * *
The ice beast freezes you.
You die...

#### # ..# .#
#.######.##
########.##..<...#
#................#
#.######.........##
#...................
#.#######..@..#####.#
#.# ####Y#..### #
#.#####.........#
....)...##.#..#.#
#.########.#..#.#
#.###..###.#..#
#..#_.........#
#####...##>#.##
####.##.#.#


You could see an ice beast.

Vanquished Creatures
  2 adders (D:2)
  A worm (D:2)
  3 dart slugs
  4 endoplasms (D:1)
  3 giant cockroaches
  4 goblins (D:2)
  2 hobgoblins (D:1)
  4 jackals (D:1)
  A quokka (D:2)
  2 ball pythons (D:1)
  3 bats
  2 frilled lizards
  2 kobolds
  4 rats
37 creatures vanquished.

Notes
Turn   | Place    | Note
-------+----------+-------------------------------------------
     0 | D:1      | sweetbreads the Gargoyle Earth Elementalist began the quest
                  | for the Orb.
     0 | D:1      | Reached XP level 1. HP: 10/10 MP: 3/3
    51 | D:1      | Found Enoixt's Assorted Antiques.
   196 | D:1      | Reached skill level 4 in Earth Magic
   196 | D:1      | Reached XP level 2. HP: 15/15 MP: 1/5
   404 | D:1      | Found Agomemn's Weapon Shop.
   550 | D:2      | Reached XP level 3. HP: 19/19 MP: 6/6
   559 | D:2      | Learned a level 3 spell: Stone Arrow
  1119 | D:1      | Found Erhypp's Jewellery Shop.
  1306 | D:2      | Reached skill level 5 in Earth Magic
  1306 | D:2      | Reached XP level 4. HP: 24/24 MP: 7/7
  1420 | D:3      | Found a runed translucent gate.
  1421 | D:3      | Found a runed translucent gate.
  1421 | D:3      | Found a runed translucent gate.
  1422 | D:3      | Noticed RapScallion's ghost (amateur HOFi)
  1493 | D:3      | Noticed an ice beast
  1609 | D:3      | Found a faded altar of an unknown god.
  1632 | D:3      | Slain by an ice beast

Illustrated notes

Levels and vault maps discovered:
D:1:      dpeg_arrival_erosion, layout_loops_ring, serial_shops,
          nicolae_shop_temple_entry_statues_fountains,
          nicolae_shop_advertising_works [nicolae_subvault_shop_adworks],
          nicolae_shop_stone
D:2:      layout_loops_ring, hangedman_decor_clover_reticule, uniq_robin
D:3:      layout_loops_ring, grunt_temple_overflow_order_and_chaos_2,
          nicolae_ashenzari_panopticon, gammafunk_ghost_split,
          ebering_ecumenical_altar_rust

Skill      XL: |  1  2  3  4 |
---------------+-------------+-----
Earth Magic    | 4 5 |  5.2
Dodging        | 2 |  2.0
Stealth        | 3 |  3.0
Spellcasting   | |  2.0
Transmutations | |  0.7

Action                   |  1- 3 |  4- 6 || total
-------------------------+-------+-------++-------
Melee: Club              |     1 |     1 ||     2
 Cast: Sandblast         |    46 |     7 ||    53
  Use: Scroll            |       |     1 ||     1
Armor: Robe              |     3 |     1 ||     4
Dodge: Dodged            |     3 |     1 ||     4
